 Dungeon Crawl Stone Soup version 0.31.0-9-g3a7656b989 (webtiles) character file.

Game seed: 7287612693106947395

546 Colgate the Shooter (level 7, -4/50 HPs)
             Began as a Demonspawn Hunter on Feb 6, 2024.
             Slain by Pikel
             ... wielding a +0 whip of freezing
              (8 damage)
             ... on level 4 of the Dungeon.
             The game lasted 00:10:34 (4294 turns).

Colgate the Shooter (Demonspawn Hunter)             Turns: 4294, Time: 00:10:34

Health: -4/50      AC:  4    Str:  9 (11) XL:     7   Next: 6%
Magic:  7/7        EV: 11    Int:  9 (10) God:
Gold:   168        SH:  6    Dex: 15 (18) Spells: 6/6 levels left

rFire   . . .        a - +0 shortbow
rCold   . . .        (shield currently unavailable)
rNeg    . . .        c - +0 leather armour
rPois   +            (no helmet)
rElec   .            u - +0 cloak
rCorr   .            (no gloves)
SInv    .            (no boots)
Will    .....        (no amulet)
Stlth   +            g - ring of poison resistance
HPRegen 0.28/turn    (no ring)
MPRegen 0.10/turn

%: no passive effects
@: brilliant
A: large bone plates 2, powered by death 1, demonic touch 2
a: no special abilities


You were on level 4 of the Dungeon.
You visited 1 branch of the dungeon, and saw 4 of its levels.

You collected 204 gold pieces.
You spent 36 gold pieces at shops.

Inventory:

Hand Weapons
 a - a +0 shortbow (weapon)
Missiles
 e - 5 atropa-tipped darts
 q - 3 boomerangs
Armour
 c - a +0 leather armour (worn)
 n - the +5 ring mail of Beogh's Whim {+Blink Will- Str+5}
   (You found it on level 2 of the Dungeon)

   Str+5:     It affects your strength (+5).
   Will-:     It decreases your willpower.
   +Blink:    It lets you blink.
 u - a +0 cloak (worn)
Jewellery
 g - a ring of poison resistance (left hand)
Scrolls
 b - a scroll of teleportation {unknown}
 d - a scroll of poison {unknown}
 f - 2 scrolls of enchant armour {unknown}
 k - 2 scrolls of fear {unknown}
 l - a scroll of enchant weapon {unknown}
 m - a scroll of vulnerability {unknown}
 p - 6 scrolls of identify {unknown}
 r - a scroll of amnesia {unknown}
 s - a scroll of blinking {unknown}
 t - a scroll of immolation {unknown}
Potions
 h - a potion of might {unknown}
 i - 2 potions of curing {@q1}
 j - 2 potions of brilliance
 o - 2 potions of degeneration


   Skills:
 - Level 2.0 Fighting
 + Level 7.8 Ranged Weapons
 - Level 1.7 Dodging
 - Level 0.8 Stealth


You had 6 spell levels left.
You didn't know any spells.
Your spell library contained the following spells:

 Spells                   Type           Power      Damage    Failure   Level
 Freeze                   Ice            0%         1d3       50%         1
 Sandblast                Erth           0%         2d4       50%         1
 Sting                    Conj/Alch      0%         1d3       50%         1
 Mercury Vapours          Alch/Air       0%         N/A       65%         2
 Frozen Ramparts          Ice            0%         1d1       86%         3
 Hailstorm                Conj/Ice       0%         3d5       86%         3
 Passwall                 Erth           0%         N/A       86%         3
 Stone Arrow              Conj/Erth      0%         3d7       86%         3
 Brom's Barrelling Bould  Conj/Erth      0%         2d3       99%         4
 Olgreb's Toxic Radiance  Alch           0%         N/A       99%         4


Dungeon Overview and Level Annotations

Branches:
Dungeon (4/15)
 Temple: D:4-7

Altars:
Dithmenos
Kikubaaqudgha
Vehumet
Yredelemnul

Shops:
D:2 !

Annotations:
D:4 Pikel


Innate Abilities, Weirdness & Mutations

You are mostly covered in large bone plates. (SH +6)
You regenerate a little health from kills.
Your touch may inflict irresistible damage on your foes.


Message History

Pikel hits you with a +0 whip of freezing.
Pikel freezes you.
Fire: a) +0 shortbow
Press: ? - help, Q - select action, (/) - cycle Shift-Dir - straight line, f - you
Okay, then.
Unknown command.
Fire: a) +0 shortbow
Press: ? - help, Q - select action, (/) - cycle Shift-Dir - straight line, f - Pikel
Aim: Pikel, wielding a +0 whip of freezing and wearing a +0 robe (lightly wounded, 59% to hit)
You shoot an arrow. The arrow closely misses Pikel.
Pikel hits you with a +0 whip of freezing!
Pikel freezes you.
* * * LOW HITPOINT WARNING * * *
Fire: a) +0 shortbow
Press: ? - help, Q - select action, (/) - cycle Shift-Dir - straight line, f/p - Pikel
Aim: Pikel, wielding a +0 whip of freezing and wearing a +0 robe (lightly wounded, 59% to hit)
You shoot an arrow.
The arrow hits Pikel but does no damage.
Pikel closely misses you.
Fire: a) +0 shortbow
Press: ? - help, Q - select action, (/) - cycle Shift-Dir - straight line, f/p - Pikel
Aim: Pikel, wielding a +0 whip of freezing and wearing a +0 robe (lightly wounded, 59% to hit)
You shoot an arrow. The arrow completely misses Pikel.
The arrow hits the lemure.
You block Pikel's attack. Pikel completely misses you.
Fire: a) +0 shortbow
Press: ? - help, Q - select action, (/) - cycle Shift-Dir - straight line, f/p - Pikel
Aim: Pikel, wielding a +0 whip of freezing and wearing a +0 robe (lightly wounded, 59% to hit)
You shoot an arrow. The arrow misses Pikel.
The arrow hits the lemure but does no damage.
Pikel hits you with a +0 whip of freezing!
* * * LOW HITPOINT WARNING * * *
Pikel freezes you.
* * * LOW HITPOINT WARNING * * *
It was a potion of degeneration.
There was something very wrong with that liquid.
You feel weakened.
You feel dopey.
You feel clumsy.
Pikel hits you with a +0 whip of freezing!
You die...
Pikel says, "Another soul for the market."

....# #...#.#....#.#.#
....####..#.#.##.#.#.#######
.......#......##.#.#.#.....#
##†....##.....##.#.#.#.....######
#....†##...♣♣P~♣....+.....'.....
##.....##.#.~~~P~#.#.#.....####..
.......'....♣~~.♣....#.....# #..
.......##.########.#.####### #..
.......##......)@K5#.# ###
.....#########†#####.# .....#
#..####.# .....#
#....##.############ ##+###
#....##...##........ .#.#
#...h.#.#..#........ .#.#
##.o..#.##.#........ .#.#
#....#.##.'........ .#.#
###..#.####........


You could see Pikel and a lemure.

Vanquished Creatures
  A scorpion (D:4)
  A howler monkey (D:4)
  A bombardier beetle (D:4)
  5 hounds
  A sleepcap (D:4)
  2 orc wizards (D:4)
  9 adders
  2 dart slugs
  3 ribbon worms
  11 orcs
  7 ball pythons
  3 bats (D:2)
  9 endoplasms
  7 giant cockroaches
  5 goblins
  7 hobgoblins
  7 kobolds
  3 quokkas
  8 frilled lizards
  8 rats
100 creatures vanquished.

Notes
Turn   | Place    | Note
-------+----------+-------------------------------------------
     0 | D:1      | Colgate the Demonspawn Hunter began the quest for the Orb.
     0 | D:1      | Reached XP level 1. HP: 16/16 MP: 1/1
   155 | D:1      | Reached skill level 4 in Ranged Weapons
   165 | D:1      | Gained mutation: You regenerate a little health from kills.
                  | [demonic ancestry]
   165 | D:1      | Reached XP level 2. HP: 22/22 MP: 2/2
   644 | D:2      | Gained mutation: Your touch may inflict minor irresistible
                  | damage on your foes. [demonic ancestry]
   644 | D:2      | Reached XP level 3. HP: 27/27 MP: 3/3
   657 | D:2      | Found Jorrel's Distillery.
   671 | D:2      | Bought a potion of curing for 36 gold pieces
  1031 | D:2      | Identified the +5 ring mail of Beogh's Whim {+Blink Will-
                  | Str+5}
  1191 | D:2      | Reached skill level 5 in Ranged Weapons
  1203 | D:2      | Gained mutation: You are partially covered in large bone
                  | plates. (SH +4) [demonic ancestry]
  1203 | D:2      | Reached XP level 4. HP: 33/33 MP: 4/4
  1665 | D:3      | Reached XP level 5. HP: 38/38 MP: 5/5
  2062 | D:3      | Reached skill level 6 in Ranged Weapons
  2333 | D:3      | Found a basalt altar of Yredelemnul.
  2333 | D:3      | Found an ancient bone altar of Kikubaaqudgha.
  2341 | D:3      | Found a shadowy altar of Dithmenos.
  2343 | D:3      | Found a faded altar of an unknown god.
  2345 | D:3      | Found a faded altar of an unknown god.
  3078 | D:4      | Noticed a lemure
  3079 | D:4      | Noticed a lemure
  3082 | D:4      | Noticed a lemure
  3082 | D:4      | Noticed Pikel
  3084 | D:4      | Noticed a lemure
  3722 | D:4      | Gained mutation: Your touch may inflict irresistible damage
                  | on your foes. [demonic ancestry]
  3722 | D:4      | Reached XP level 6. HP: 41/44 MP: 6/6
  3771 | D:4      | Found a radiant altar of Vehumet.
  3825 | D:4      | Reached skill level 7 in Ranged Weapons
  4262 | D:4      | Gained mutation: You are mostly covered in large bone
                  | plates. (SH +6) [demonic ancestry]
  4262 | D:4      | Reached XP level 7. HP: 49/50 MP: 7/7
  4294 | D:4      | Slain by Pikel

Illustrated notes

Levels and vault maps discovered:
D:1:      roderic_crossed_star, layout_loops_cross
D:2:      layout_basic, serial_shops, shop, serial_bayou_lake_a
D:3:      layout_loops_ring, chequers_temple_overflow_minitemple
D:4:      minmay_opposing_rooms, layout_basic, mainiacjoe_overflow_alcove_4,
          serial_bayou_pond_e, uniq_pikel

Skill      XL: |  1  2  3  4  5  6 |
---------------+-------------------+-----
Ranged Weapons | 4 5 6 7 |  7.8
Fighting       | |  2.0
Dodging        | |  1.7
Stealth        | |  0.8

Action                     |  1- 3 |  4- 6 |  7- 9 || total
---------------------------+-------+-------+-------++-------
   Fire: Shortbow          |   128 |   230 |    19 ||   377
    Use: Scroll            |       |     1 |       ||     1
         Potion            |       |       |     2 ||     2
 Armour: Leather armour    |    24 |    71 |    12 ||   107
  Dodge: Dodged            |    22 |    59 |     7 ||    88
  Block: Other             |       |    22 |     3 ||    25
